 Dungeon Crawl Stone Soup version 0.30.0-16-gbe6223bb7e (webtiles) character file.

Game seed: 5700572300311007680

5 SnakkuSnakku7 the Vexing (level 1, 0/16 HPs)
             Began as a Ghoul Hexslinger on May 20, 2023.
             Slain by a kobold
             ... wielding a +0 whip
              (2 damage)
             ... on level 1 of the Dungeon.
             The game lasted 00:00:11 (26 turns).

SnakkuSnakku7 the Vexing (Ghoul Hexslinger)           Turns: 26, Time: 00:00:13

Health: 0/16       AC:  2    Str: 13    XL:     1   Next: 80%
Magic:  1/1        EV: 12    Int:  8    God:
Gold:   0          SH:  0    Dex:  9    Spells: 1/2 levels left

rFire   . . .        a - +1 sling
rCold   + . .        (no shield)
rNeg    + + +        c - +0 robe
rPois   ∞            (no helmet)
rElec   .            (no cloak)
rCorr   .            (no gloves)
SInv    .            (no boots)
Will    .....        (no amulet)
Stlth   +            (no ring)
HPRegen 0.00/turn    (no ring)
MPRegen 0.07/turn

%: no passive effects
@: inhibited regen
A: claws 1, cold resistance 1, negative energy resistance 3, inhibited
regeneration, torment resistance 2, devour on kill
a: no special abilities


You were on level 1 of the Dungeon.
You visited 1 branch of the dungeon, and saw 1 of its levels.

Inventory:

Hand Weapons
 a - a +1 sling (weapon)
Armour
 c - a +0 robe (worn)
Scrolls
 b - a scroll of poison


   Skills:
 + Level 1.5 Fighting
 - Level 1.7 Ranged Weapons
 - Level 1.7 Dodging
 + Level 0.9 Unarmed Combat
 - Level 1.0 Spellcasting
 - Level 2.4 Hexes


You had one spell level left.
You knew the following spells:

 Your Spells              Type           Power      Damage    Failure   Level
a - Slow                  Hex            16%        N/A       16%         1

Your spell library contained the following spells:

 Spells                   Type           Power      Damage    Failure   Level
 Inner Flame              Hex/Fire       2%         N/A       58%         3
 Portal Projectile        Hex/Tloc       4%         N/A       58%         3
 Cause Fear               Hex            2%         N/A       83%         4


Dungeon Overview and Level Annotations

Branches:
Dungeon (1/15)

Altars:


Innate Abilities, Weirdness & Mutations

You are immune to poison.
You have sharp fingernails.
Your flesh is cold resistant. (rC+)
You are immune to negative energy. (rN+++)
You do not regenerate when monsters are visible.
You are immune to unholy pain and torment.
You thrive by killing the living.


Message History

The sling bullet hits the dart slug.
The dart slug is almost dead.
You hear an angry hiss.
The quokka misses you. The kobold closely misses you.
The quokka bites you but does no damage.
You shoot a sling bullet.
The sling bullet hits the quokka but does no damage.
The quokka misses you. The kobold hits you with a +0 whip.
Unknown command.
You shoot a sling bullet.
The sling bullet closely misses the quokka.
The sling bullet hits the dart slug.
You kill the dart slug!
The quokka barely misses you. The kobold hits you but does no damage.
The quokka bites you. The kobold barely misses you.
You are too injured to fight recklessly!
You are too injured to fight recklessly!
Unknown command.
You are too injured to fight recklessly!
You are too injured to fight recklessly!
Unknown command.
You are too injured to fight recklessly!
You are too injured to fight recklessly!
Unknown command.
You shoot a sling bullet.
The sling bullet closely misses the quokka.
The quokka barely misses you. The kobold hits you with a +0 whip.
The quokka barely misses you.
You shoot a sling bullet.
The sling bullet hits the quokka but does no damage.
The kobold hits you with a +0 whip.
* * * LOW HITPOINT WARNING * * *
The quokka barely misses you.
You shoot a sling bullet. The sling bullet hits the quokka.
The quokka is almost dead.
The quokka misses you. The kobold hits you but does no damage.
The quokka bites you.
* * * LOW HITPOINT WARNING * * *
The kobold hits you with a +0 whip.
You die...

##
...#########...#.
.......†r@Kl.....
#########.######...
..........#
~~~~~~~.####
......~....#
#####.~~~~.###
.........~..^#.#
########.~~~.#.#
..........~...#


You could see a quokka, a kobold and a frilled lizard.

Vanquished Creatures
  A dart slug (D:1)
  A giant cockroach (D:1)
  A goblin (D:1)
3 creatures vanquished.

Notes
Turn   | Place    | Note
-------+----------+-------------------------------------------
     0 | D:1      | SnakkuSnakku7 the Ghoul Hexslinger began the quest for the
                  | Orb.
     0 | D:1      | Reached XP level 1. HP: 16/16 MP: 1/1
    26 | D:1      | Slain by a kobold

Illustrated notes

Levels and vault maps discovered:
D:1:      psy_arrival_radial02, layout_basic, ebering_ecumenical_altar_ruins

Action                     || total
---------------------------++-------
   Fire: Sling             ||    12
 Armour: Robe              ||     5
  Dodge: Dodged            ||    11
